 Dungeon Crawl Stone Soup version 0.13.0-25-g43d4df3 (webtiles) character file.

589 Leibowitz the Skirmisher (level 6, -1/39 HPs)
             Began as a Kobold Fighter on Oct 27, 2013.
             Slain by Blork the orc
             ... wielding a +0,+1 orcish war axe
              (4 damage)
             ... on Level 5 of the Dungeon.
             The game lasted 00:11:56 (3990 turns).

Leibowitz the Skirmisher (Kobold Fighter)           Turns: 3990, Time: 00:11:57

HP  -1/39        AC  3     Str 16      XL: 6   Next: 78%
MP   5/5         EV 14     Int  6      God:
Gold 263         SH 12     Dex 16      Spells:  0 memorised,  5 levels left

Res.Fire  : . . .   See Invis. : .   a - +0 short sword
Res.Cold  : . . .   Warding    : .   j - +0 leather armour
Life Prot.: . . .   Conserve   : .   c - +0 buckler
Res.Poison: .       Res.Corr.  : .   (no helmet)
Res.Elec. : .       Clarity    : .   (no cloak)
Sust.Abil.: . .     Spirit.Shd : .   (no gloves)
Res.Mut.  : .       Stasis     : .   (no boots)
Res.Rott. : .       Flight     : .   o - amulet of inaccuracy {unknown}
Saprovore : + + .                    (no ring)
                                     (no ring)

@: slightly resistant to hostile enchantments, stealthy
A: disease resistance, talons 1, carnivore 3, saprovore 2
a: no special abilities


You were on level 5 of the Dungeon.
You were completely stuffed.

You visited 1 branch of the dungeon, and saw 5 of its levels.

You collected 243 gold pieces.

Inventory:

Hand weapons
 a - a +0,+0 short sword (weapon)
Missiles
 m - 26 poisoned needles
Armour
 c - a +0 buckler (worn)
 j - a +0 leather armour (worn)
Magical devices
 s - a wand of flame (10)
Comestibles
 d - a meat ration
 i - a royal jelly
Scrolls
 b - a scroll of blinking {unknown}
 f - 3 scrolls of identify {unknown}
 g - a scroll of enchant armour {unknown}
 h - a scroll of teleportation {unknown}
 k - 4 scrolls of noise {unknown}
 l - a scroll of fear {unknown}
 n - a scroll of amnesia {unknown}
 q - 4 scrolls of remove curse {unknown}
Jewellery
 o - an amulet of inaccuracy (around neck) {unknown}
Potions
 r - a potion of resistance


   Skills:
 * Level 4.2 Fighting
 + Level 3.5 Short Blades
 + Level 2.7 Armour
 * Level 3.9 Dodging
 * Level 3.9 Stealth
 * Level 3.3 Shields
 + Level 0.3 Evocations


You had 5 spell levels left.
You didn't know any spells.

Dungeon Overview and Level Annotations

Branches:
Dungeon (5/27)             Temple (0/1) D:5

Altars:

Annotations:
D:5 Blork the orc; Zapata's ghost, experienced KoBe


Innate Abilities, Weirdness & Mutations

You recuperate from illness quickly.
You are small and have problems with some larger weapons.
You are carnivorous and can eat meat at any time.
You can eat rotten meat.
You have sharp toenails.


Message History

Blork the orc hits you with an orcish war axe!
* * * LOW HITPOINT WARNING * * *
You miss Blork the orc.
Blork the orc is severely wounded.
Blork the orc misses you. The rat completely misses you.
You barely miss Blork the orc. Your kick misses Blork the orc.
Blork the orc is severely wounded.
Blork the orc barely misses you. The rat bites you.
* * * LOW HITPOINT WARNING * * *
You closely miss Blork the orc.
Blork the orc is severely wounded.
Blork the orc barely misses you. The rat closely misses you.
You barely miss Blork the orc.
Blork the orc is severely wounded.
Blork the orc points at you and mumbles some strange words.
The magic dart hits you!
* * * LOW HITPOINT WARNING * * *
The rat closely misses you.
Blork the orc hits you with an orcish war axe.
You die...

#.# #.# #%########.#
#..........#
#....####..#
#....#..#..#
#....#..#..##########
#....#..#...[........
#....#..'.#######.###
#...@#..'.#
#..or#....######
#..............#
#....#.#.#.#.#.#
#..............#
#....#.......#.
#...........o..
#....#...>...#
#............


You could see Blork the orc and a rat.

Vanquished Creatures
  An ogre (D:3)
  A jelly (D:5)
  2 worker ants
  7 adders
  3 worms
  A giant eyeball (D:5)
  5 giant geckos
  2 orcs
  13 bats
  7 giant cockroaches
  10 goblins
  3 hobgoblins
  5 jackals
  3 kobolds
  A ball python (D:1)
  3 giant newts
  11 rats
78 creatures vanquished.

Notes
Turn   | Place    | Note
--------------------------------------------------------------
     0 | D:1      | Leibowitz, the Kobold Fighter, began the quest for the Orb.
     0 | D:1      | Reached XP level 1. HP: 14/14 MP: 0/0
   338 | D:1      | Reached skill level 1 in Dodging
   338 | D:1      | Reached XP level 2. HP: 19/19 MP: 1/1
  1027 | D:2      | Reached skill level 1 in Stealth
  1027 | D:2      | Reached XP level 3. HP: 22/24 MP: 2/2
  1437 | D:2      | Gained mutation: You have sharp toenails. [potion of beneficial mutation]
  1682 | D:2      | Reached XP level 4. HP: 24/28 MP: 3/3
  2005 | D:3      | Noticed an ogre
  2345 | D:3      | Killed an ogre
  2345 | D:3      | Reached skill level 4 in Fighting
  2345 | D:3      | Reached XP level 5. HP: 12/33 MP: 4/4
  2654 | D:3      | Reached XP level 6. HP: 39/39 MP: 5/5
  3735 | D:5      | Entered Level 5 of the Dungeon
  3735 | D:5      | Noticed Zapata's ghost (experienced KoBe)
  3955 | D:5      | Found a staircase to the Ecumenical Temple.
  3960 | D:5      | Noticed Blork the orc
  3990 | D:5      | Slain by Blork the orc

Action                   |  1- 3 |  4- 6 || total
-------------------------+-------+-------++-------
Melee: Short sword       |   121 |   188 ||   309
Evoke: Wand              |     1 |     3 ||     4
  Use: Potion            |     6 |     5 ||    11
 Stab: Sleeping          |     2 |     7 ||     9
       Invisible         |       |     3 ||     3
